 Dungeon Crawl Stone Soup version 0.24.0-1-gfbc8707122 (webtiles) character file.

Game seed: 4575140195112068823, levelgen mode: deterministic

67 Gumption the Caller (level 4, -3/30 HPs)
             Began as a Merfolk Summoner on Oct 27, 2019.
             Slain by an iguana (4 damage)
             ... on level 6 of the Dungeon.
             The game lasted 00:29:34 (2666 turns).

Gumption the Caller (Merfolk Summoner)              Turns: 2666, Time: 00:29:35

Health: -3/30      AC:  5    Str:  8    XL:     4   Next: 18%
Magic:  2/7        EV: 13    Int: 15    God:
Gold:   105        SH:  0    Dex: 14    Spells: 2/7 levels left

rFire    + . .     SeeInvis .   a - +2 dagger (venom)
rCold    . . .     Gourm    .   (no shield)
rNeg     . . .     Faith    .   u - +2 robe {rF+}
rPois    .         Spirit   .   p - +0 helmet
rElec    .         Reflect  .   (no cloak)
rCorr    .         Harm     .   (no gloves)
MR       .....                  (no boots)
Stlth    ++........             (no amulet)
HPRegen  0.10/turn              (no ring)
MPRegen  0.10/turn              (no ring)

@: no status effects
A: change form in water, swift swim, stealthy swim
a: no special abilities


You were on level 6 of the Dungeon.
You were not hungry.

You visited 1 branch of the dungeon, and saw 4 of its levels.

You collected 105 gold pieces.

Inventory:

Hand Weapons
 a - a +2 dagger of venom (weapon)
 b - a +0 hunting sling
Missiles
 d - 128 stones (quivered)
 q - 20 poisoned darts
Armour
 p - a +0 helmet (worn)
 u - a +2 robe of fire resistance (worn)
Jewellery
 f - an uncursed amulet of guardian spirit {unknown}
 m - an uncursed amulet of the acrobat {unknown}
 o - an uncursed ring of positive energy {unknown}
Scrolls
 g - a scroll of teleportation {unknown}
 h - a scroll of enchant weapon {unknown}
 i - a scroll of remove curse {unknown}
 j - a scroll of magic mapping {unknown}
 s - a scroll of fog {unknown}
 v - a scroll of identify
Potions
 e - a potion of brilliance
 k - a potion of curing
 l - 2 potions of heal wounds
 n - a potion of agility {unknown}
 r - a potion of invisibility
 t - a potion of mutation
Comestibles
 c - 3 rations
 w - 5 chunks of flesh


   Skills:
 + Level 0.2 Fighting
 + Level 0.5 Short Blades
 + Level 2.9 Dodging
 + Level 2.3 Stealth
 + Level 2.4 Spellcasting
 + Level 5.1 Summonings


You had 2 spell levels left.
You knew the following spells:

 Your Spells              Type           Power        Failure   Level  Hunger
a - Call Imp              Summ           ###.....     3%          2    ###....
c - Call Canine Familiar  Summ           ###.....     8%          3    ###....

Your spell library contained the following spells:

 Spells                   Type           Power        Failure   Level  Hunger
 Summon Small Mammal      Summ           ###.         2%          1    #......
 Summon Guardian Golem    Hex/Summ       #.......     22%         3    ###....
 Summon Ice Beast         Ice/Summ       #.......     58%         4    #####..
 Summon Lightning Spire   Summ/Air       #.......     58%         4    #####..


Dungeon Overview and Level Annotations

Branches:
Dungeon (3/15)

Altars:
Kikubaaqudgha

Portals:
Ossuary: D:6

Annotations:
D:3 Grinder, Sigmund


Message History

Your shadow imp gestures at the quokka.
The quokka barely resists.
Something bites your shadow imp. x2
Your crimson imp blinks!
Your shadow imp hits the ogre.
Your crimson imp blinks!
Something barely misses your shadow imp.
An ogre comes into view. It is wielding a +0 giant club.
Found a sand-covered staircase.
The worker ant closely misses you.
Your crimson imp blinks!
Your shadow imp hits the leopard gecko.
The leopard gecko dies!
The quokka closely misses your shadow imp.
The quokka bites your shadow imp.
Your shadow imp closely misses the quokka.
The worker ant closely misses you.
The worker ant waves its antennae.
The iguana bites you.
You die...

....#hr###.....#
.....(h..Z.....#
......##rh##.#..
......##...###..
.......5.Z.....##
#....##O..#.Z....
##. ##.#####....
##.#.#.hl.#......
#....5...a@...#...
##.......O#...# .
#.#.#..####.5.8..
.......## ......
...... 8.∩.8
....... .....
.....#. .8.. ....
.##.


You could see 2 ogres, an iguana, a worker ant, a jackal and 2 friendly crimson
imps.

Vanquished Creatures
  An ooze (D:1)
  A leopard gecko (D:1)
  A bat (D:3)
  A giant cockroach (D:1)
  3 goblins
  A hobgoblin (D:3)
  A frilled lizard (D:3)
  2 rats
11 creatures vanquished.

Vanquished Creatures (collateral kills)
  Robin (D:2)
  An adder (D:2)
  2 gnolls (D:3)
  A worm (D:2)
  A dart slug (D:1)
  2 leopard geckos
  3 bats (D:1)
  15 goblins
  3 hobgoblins
  3 jackals (D:1)
  A ball python (D:3)
  5 frilled lizards
  5 rats (D:1)
43 creatures vanquished.

Grand Total: 54 creatures vanquished

Notes
Turn   | Place    | Note
-------+----------+-------------------------------------------
     0 | D:1      | Gumption the Merfolk Summoner began the quest for the Orb.
     0 | D:1      | Reached XP level 1. HP: 13/13 MP: 3/3
   562 | D:1      | Reached XP level 2. HP: 19/19 MP: 1/5
   676 | D:1      | Learned a level 2 spell: Call Imp
  1046 | D:1      | Reached XP level 3. HP: 23/24 MP: 1/6
  1052 | D:1      | Learned a level 3 spell: Call Canine Familiar
  1408 | D:2      | Noticed Robin
  1422 | D:2      | Killed Robin
  1476 | D:2      | Found an ancient bone altar of Kikubaaqudgha.
  1841 | D:2      | Reached skill level 5 in Summonings
  2183 | D:3      | Noticed Grinder
  2290 | D:3      | Noticed Sigmund
  2592 | D:3      | Reached XP level 4. HP: 20/30 MP: 2/7
  2652 | D:3      | You fall into a shaft and drop 3 floors!
  2652 | D:6      | Noticed an ogre
  2658 | D:6      | HP: 1/30 [ogre/+0 giant club (7)]
  2662 | D:6      | Found a sand-covered staircase.
  2662 | D:6      | Noticed an ogre
  2666 | D:6      | Slain by an iguana

Levels and vault maps discovered:
D:1:      dpeg_arrival_orchard, layout_rooms, minmay_tetromino_o2
D:2:      layout_rooms, lemuel_crystal_altar, minmay_between, uniq_robin
D:3:      layout_basic, serial_bayou_pond_d, uniq_sigmund, uniq_grinder
D:6:      layout_cave_pools, nicolae_ossuary_entry_monument

Skill      XL: |  1  2  3 |
---------------+----------+-----
Summonings     | 5 |  5.1
Fighting       | |  0.2
Short Blades   | |  0.5
Dodging        | |  2.9
Stealth        | |  2.3
Spellcasting   | |  2.4

Action                   |  1- 3 |  4- 6 || total
-------------------------+-------+-------++-------
Melee: Dagger            |    18 |     4 ||    22
       Unarmed           |     2 |       ||     2
 Fire: Hunting sling     |     7 |       ||     7
Throw: Stone             |     2 |       ||     2
 Cast: Summon Small Mamm |    45 |       ||    45
       Call Imp          |    30 |     3 ||    33
  Use: Scroll            |     6 |       ||     6
  Eat: Chunk             |     8 |       ||     8
Armor: Robe              |    10 |     1 ||    11
Dodge: Dodged            |    41 |    12 ||    53
